 Dungeon Crawl Stone Soup version 0.28-a0-425-gd0eccab798 (webtiles) character file.

Game seed: 15296795014864286139

275 lunkers the Magician (level 6, -2/46 HPs)
             Began as a Djinni Fire Elementalist on Sept 9, 2021.
             Shot with a bolt by a kobold (10 damage)
             ... on level 4 of the Dungeon.
             The game lasted 00:09:43 (4849 turns).

lunkers the Magician (Djinni Fire Elementalist)     Turns: 4849, Time: 00:09:44

Health: -2/46      AC:  2    Str:  7    XL:     6   Next: 50%
Gold:   123        EV: 12    Int: 19    God:
                   SH:  0    Dex: 13

rFire   + + .      SeeInvis .   (no weapon)
rCold   x . .      Faith    .   (no shield)
rNeg    . . .      Spirit   .   a - +0 robe
rPois   ∞          Reflect  .   (no helmet)
rElec   .          Harm     .   (no cloak)
rCorr   .          Rampage  .   (no gloves)
Will    .....                   (boots unavailable)
Stlth   ++........              (no amulet)
HPRegen 0.15/turn               (no ring)
MPRegen 0.00/turn               (no ring)

@: flying, very slightly contaminated
A: sickness immunity, fire resistance 2, cold vulnerability 1, float, innate
caster, hp casting, extra vitality 1
a: no special abilities


You were on level 4 of the Dungeon.
You visited 1 branch of the dungeon, and saw 4 of its levels.

You collected 123 gold pieces.

Inventory:

Missiles
 j - a throwing net
Armour
 a - a +0 robe (worn)
Wands
 l - a wand of digging (8)
Scrolls
 f - a scroll of magic mapping
 g - a scroll of vulnerability {unknown}
 h - a scroll of brand weapon {unknown}
 k - a scroll of immolation {unknown}
Potions
 b - a potion of curing
 d - a potion of invisibility {unknown}
 e - a potion of haste {unknown}
 i - 2 potions of berserk rage


   Skills:
 + Level 3.2 Fighting
 - Level 2.1 Dodging
 - Level 1.5 Stealth
 * Level 4.5 Spellcasting


You couldn't memorise any spells.
You knew the following spells:

 Your Spells              Type           Power      Damage    Failure   Level
a - Foxfire               Conj/Fire      84%        2x1d8     1%          1
b - Scorch                Fire           42%        2d7       3%          2
c - Conjure Flame         Conj/Fire      21%        6-21      6%          3
d - Inner Flame           Hex/Fire       21%        N/A       6%          3
e - Flame Wave            Conj/Fire      21%        3d6       21%         4
f - Freeze                Ice            84%        1d10      1%          1
g - Static Discharge      Conj/Air       21%        N/A       3%          2
Your spell library was empty.

Dungeon Overview and Level Annotations

Branches:
Dungeon (4/15)
 Temple: D:4-7

Altars:


Innate Abilities, Weirdness & Mutations

You are immune to sickness and miasma.
You are immune to poison.
Your flesh is very heat resistant. (rF++)
You are vulnerable to cold. (rC-)
You float through the air rather than walking.
You learn spells naturally, not from books.
Your magical power is your life essence.
You have superior vitality. (+4 HP)


Message History

The kobold shoots a bolt.
The bolt hits you.
Casting: Scorch (safe; 3% risk of failure)
Confirm with . or Enter, or press ? or * to list all spells.
Flames lash the orc priest.
The orc priest is heavily wounded.
The orc priest's fire resistance burns away.
An orc comes into view. It is wielding a +0 mace.
The kobold shoots a bolt.
The bolt closely misses you.
An endoplasm comes into view.
The orc wizard hits you but does no damage.
The endoplasm quivers.
As you read the scroll labelled QUOTAGG DADE, it crumbles to dust.
You feel aware of your surroundings.
It was a scroll of magic mapping.
The orc priest is no longer more vulnerable to fire.
The kobold shoots a bolt.
The bolt hits you. The orc priest hits you with a +0 mace!
* * * LOW HITPOINT WARNING * * *
The orc wizard points at you and mumbles some strange words.
You are confused.
The kobold shoots a bolt.
The bolt completely misses you.
The orc priest looks braver for a moment.
The orc wizard hits you with a +0 dagger.
* * * LOW HITPOINT WARNING * * *
The orc priest calls down the wrath of Beogh upon you.
Beogh smites you!
* * * LOW HITPOINT WARNING * * *
You are too confused!
Unknown command.
It was a potion of curing.
You feel better.
The kobold shoots a bolt.
The bolt hits you!
* * * LOW HITPOINT WARNING * * *
The orc wizard gestures wildly while chanting.
The orc wizard flickers and vanishes!
Deactivating autopickup; reactivate with Ctrl-A.
As you read the scroll labelled BEMIVUI WIVARCH, it crumbles to dust.
It is a scroll of identify.
i - 2 potions of berserk rage The orc priest is no longer more vulnerable to fire.
The kobold shoots a bolt.
The bolt hits you!
You die...

##.....##..##.....###,,,,,,,,,**,
.....#..#..##....##,,*,,,,,,,,*,,
.............#..###***..,,,,,,,,*
...#.......###.#..#,*#K.,*,,,,,**
.#.#....#.......##.#....,***,,,*,
..#..#####..##.##,*#.J..** ***,,,
#....#***#..#..####..#*,* *,,,
#....#,*,#.........#***,** *,,,
......**#.......@.## *,,** **,,,
,,...........###{o# **,,,***,,,,
,,,,,,......#* ##o#***,,,,,,,,,,,
,,,,,,.....#* #oo.*,,**,,,,**,,
,,,,,,#....* **#.#..,****,,,,*,,
,,,,,*####.****,..###.* **,,,,,,,
,,,,** **,,,,,,..#**,***,,*,,,,,
*,,,* *,,,,***#..,,,,*,,***,,,,
,,,,** **,**,,**#..,,,,,,****,,,,


You could see 2 orc priests, 2 orcs, an endoplasm and a kobold.

Vanquished Creatures
  A hound (D:1)
  An orc priest (D:3)
  A hound skeleton (D:4)
  5 gnolls
  7 adders
  An ufetubus (D:4)
  3 worms
  8 orcs (D:3)
  9 ball pythons
  4 endoplasms
  2 giant cockroaches (D:1)
  5 goblins
  2 hobgoblins (D:3)
  10 jackals
  7 kobolds
  A quokka (D:3)
  5 bats
  3 frilled lizards (D:1)
  4 rats
79 creatures vanquished.

Vanquished Creatures (others)
  26 foxfires (D:1)
  53 plants (D:3)
79 creatures vanquished.

Grand Total: 158 creatures vanquished

Notes
Turn   | Place    | Note
-------+----------+-------------------------------------------
     0 | D:1      | lunkers the Djinni Fire Elementalist began the quest for
                  | the Orb.
     0 | D:1      | Reached XP level 1. HP: 15/15 MP: 0/0
   438 | D:1      | Reached XP level 2. HP: 18/22 MP: 0/0
   654 | D:1      | Found a faded altar of an unknown god.
   883 | D:1      | Reached skill level 1 in Fighting
  1306 | D:1      | Reached XP level 3. HP: 25/27 MP: 0/0
  1306 | D:1      | Learned a level 1 spell: Freeze
  1360 | D:2      | Reached skill level 3 in Spellcasting
  1839 | D:2      | Reached XP level 4. HP: 30/32 MP: 0/0
  2285 | D:1      | Reached XP level 5. HP: 11/38 MP: 0/0
  2285 | D:1      | Learned a level 2 spell: Static Discharge
  3225 | D:3      | Reached skill level 4 in Spellcasting
  4068 | D:3      | Reached XP level 6. HP: 27/45 MP: 0/0
  4849 | D:4      | Shot with a bolt by a kobold

Illustrated notes

Levels and vault maps discovered:
D:1:      matt_arrival_grand_opening, layout_basic,
          shapermc_ecumenical_altar_mp_highgroup
D:2:      layout_rooms, minmay_hexomino_u4
D:3:      layout_basic, serial_bayou, serial_bayou_lake_a,
          serial_bayou_crossing, serial_bayou_lagoon_a, serial_bayou_shore_a
D:4:      layout_layer_cave, chequers_mini_garden, item_on_display_a

Skill      XL: |  1  2  3  4  5  6 |
---------------+-------------------+-----
Fighting       | 1 2 3 |  3.2
Spellcasting   | 3 4 |  4.5
Dodging        | |  2.1
Stealth        | |  1.5

Action                   |  1- 3 |  4- 6 || total
-------------------------+-------+-------++-------
Melee: Unarmed           |     7 |     1 ||     8
 Cast: Foxfire           |    17 |       ||    17
       Scorch            |    26 |    78 ||   104
  Use: Scroll            |       |     2 ||     2
       Potion            |       |     1 ||     1
 Stab: Sleeping          |     1 |       ||     1
Armor: Robe              |     5 |     6 ||    11
Dodge: Dodged            |    18 |    25 ||    43

Table legend: (Time is in decaauts)
 A = Elapsed time spent in this place.
 B = Non-inter-level travel time spent in this place.
 C = Inter-level travel time spent in this place.
 D = Time resting spent in this place.
 E = Time spent auto-exploring this place.
 F = Levels seen in this place.
 G = Mean time per level.
                   A        B        C        D        E       F      G
               +--------+--------+--------+--------+--------+-----+--------+
         Total |   4854 |   4782 |     72 |    909 |   3344 |   4 | 1213.5 |
       Dungeon |   4854 |   4782 |     72 |    909 |   3344 |   4 | 1213.5 |
               +--------+--------+--------+--------+--------+-----+--------+

Top non-repeatable levels by time:
     D:1: 2013 daAuts
     D:3: 1516 daAuts
     D:2: 811 daAuts
     D:4: 512 daAuts
